 Dungeon Crawl Stone Soup version 0.23.2-30-g0e89c35649 (webtiles) character file.

Game seed: 986299892866819283

4391 DildoBatman the Tainter (level 10, -1/70 HPs)
             Began as a Formicid Wizard on June 13, 2019.
             Was a Believer of Kikubaaqudgha.
             Slain by a killer bee (8 damage)
             ... on level 8 of the Dungeon.
             The game lasted 00:32:07 (7469 turns).

DildoBatman the Tainter (Formicid Wizard)           Turns: 7469, Time: 00:32:07

Health: -1/70      AC: 10    Str: 11    XL:     10   Next: 61%
Magic:  21/26      EV: 12    Int: 22    God:    Kikubaaqudgha [**....]
Gold:   226        SH:  0    Dex:  9    Spells: 9/19 levels left

rFire    . . .     SeeInvis +   b - +2 dagger (venom)
rCold    . . .     Gourm    .   l - +1 buckler
rNeg     . . .     Faith    .   g - +3 leather armour
rPois    .         Spirit   .   (helmet unavailable)
rElec    .         Reflect  .   H - +0 cloak
rCorr    .         Harm     .   k - +2 pair of gloves
MR       +....                  (no boots)
Stlth    +.........             (no amulet)
HPRegen  0.21/turn              D - ring of magical power
MPRegen  0.20/turn              L - ring of teleportation (curse)

@: confused, lethally poisoned (-1 -> -2), very slightly contaminated
A: permanent stasis, dig shafts and tunnels, four strong arms, antennae 3
a: Dig, Shaft Self, Receive Corpses, Renounce Religion


You were on level 8 of the Dungeon.
You worshipped Kikubaaqudgha.
Kikubaaqudgha was pleased with you.
You were not hungry.

You visited 2 branches of the dungeon, and saw 9 of its levels.

You collected 370 gold pieces.
You spent 144 gold pieces at shops.

Inventory:

Hand Weapons
 a - a +0 halberd
 b - a +2 dagger of venom (weapon)
 c - a +0 shortbow
 e - a +0 blowgun
 j - a +1 mace of draining
 w - a +2 shortbow of flaming
 B - a cursed +0 morningstar
 Q - a +2 dagger of speed
Missiles
 n - 115 stones (quivered)
 p - 101 arrows
 r - 15 poisoned needles
 u - 3 throwing nets
 A - 40 bolts
 N - 2 tomahawks
Armour
 g - a +3 leather armour (worn)
 k - a +2 pair of gloves (worn)
 l - a +1 buckler (worn)
 H - a +0 cloak (worn)
 P - a +1 leather armour of magic resistance
Jewellery
 D - a ring of magical power (left hand)
 L - a cursed ring of teleportation (right hand)
Wands
 G - a wand of iceblast (9)
Scrolls
 d - a scroll of immolation {unknown}
 f - 2 scrolls of enchant armour
 h - 2 scrolls of fear
 m - a scroll of noise {unknown}
 o - a scroll of enchant weapon {unknown}
 q - a scroll of acquirement {unknown}
 s - 3 scrolls of amnesia
 x - 3 scrolls of remove curse
 z - a scroll of identify
 C - 2 scrolls of magic mapping
 J - a scroll of fog {unknown}
Potions
 i - 2 potions of ambrosia
 t - a potion of mutation {unknown}
 y - a potion of heal wounds
 E - a potion of lignification {unknown}
 F - a potion of resistance {unknown}
 I - a potion of experience {unknown}
 M - a potion of might {unknown}
 O - a potion of magic {unknown}
Comestibles
 v - 19 rations
 K - 19 chunks of flesh


   Skills:
 * Level 3.4 Fighting
 - Level 1.3 Polearms
 * Level 3.2 Armour
 - Level 3.0 Dodging
 * Level 5.9 Stealth
 * Level 4.9 Shields
 * Level 5.2 Spellcasting
 - Level 6.0 Conjurations
 * Level 0.0 Charms
   Level 1.0 Summonings
 * Level 0.0 Necromancy
   Level 0.8 Translocations
 - Level 4.8 Fire Magic
 - Level 4.0 Air Magic
 - Level 8.0 Poison Magic


You had 9 spell levels left.
You knew the following spells:

 Your Spells              Type           Power        Failure   Level  Hunger
a - Conjure Flame         Conj/Fire      ####....     4%          3    ##.....
b - Regeneration          Chrm/Necr      #.........   36%         3    ##.....
c - Magic Dart            Conj           ####         1%          1    None
e - Mephitic Cloud        Conj/Pois/Air  ####....     3%          3    ##.....

Your spell library contained the following spells:

 Spells                   Type           Power        Failure   Level  Hunger
 Animate Skeleton         Necr           N/A          12%         1    None
 Pain                     Necr           #...         12%         1    None
 Call Imp                 Summ           ##......     13%         2    None
 Slow                     Hex            #.......     19%         2    None
 Sublimation of Blood     Necr           #.........   19%         2    None
 Blink                    Tloc           Unusable     N/A         2    N/A

Dungeon Overview and Level Annotations

Branches:
Dungeon (8/15)             Temple (1/1) D:5
   Lair: D:8-11

Altars:
Ashenzari
Cheibriados
Dithmenos
Elyvilon
Fedhas
Gozag
Hepliaklqana
Kikubaaqudgha
Makhleb
Nemelex Xobeh
Okawaru
Qazlal
Ru
Sif Muna
Trog
Uskayaw
Vehumet
Wu Jian
Xom
Yredelemnul
Zin
The Shining One

Shops:
D:4 *   D:6 ****   D:8 :


Innate Abilities, Weirdness & Mutations

You cannot be hasted, slowed, berserked, paralysed or teleported.
You can dig through walls and to a lower floor.
Your four strong arms can wield two-handed weapons with a shield.
You have a pair of large antennae on your head. (SInv)


Message History

That beam is likely to hit you.
Continue anyway?
The ball explodes into a vile cloud!
The stinking cloud engulfs the killer bee but does no damage.
The killer bee is heavily wounded.
The stinking cloud engulfs you but does no damage.
You are engulfed in noxious fumes.
You choke on the stench!
You are confused.
You hear an angry hiss.
The killer bee is engulfed in noxious fumes.
The killer bee barely misses you.
The killer bee is engulfed in noxious fumes.
The killer bee appears confused.
Your mandibles retract as you bump into the rock wall.
You are engulfed in noxious fumes.
The killer bee is engulfed in noxious fumes.
The killer bee appears confused.
The killer bee stings you!
You die...
Kikubaaqudgha rasps: "You have failed me!
Welcome... death!"

.............#.....(..{....<
.....8.....8.###...(........
.....รท.......# ##.{.(.#....
.............# #####.# #.
.............# ##.##
.........>...# ##.##
.............# ##.##
.....8.....8.# ##y##
.............# #@##
................##
................
...........####. ...........
#. .......... #. .........
.. ........ .. .......


You could see a killer bee (confused).

Vanquished Creatures
  Pikel (D:6)
  Prince Ribbit (D:7)
  A hippogriff (D:7)
  A spriggan (D:7)
  A basilisk (D:8)
  4 yaks (D:8)
  A hungry ghost (D:8)
  A porcupine (D:8)
  4 slaves (D:6)
  2 black bears (D:8)
  An orc warrior (D:6)
  An ogre (D:6)
  A sky beast (D:6)
  2 crocodiles (D:8)
  2 centaurs
  2 big kobolds
  5 bullfrogs
  3 scorpions (D:8)
  A killer bee (D:8)
  2 howler monkeys
  2 crimson imps
  A bullfrog zombie (D:4)
  3 hounds
  6 orc priests
  Crazy Yiuf (D:6)
  A centaur skeleton (D:7)
  2 jellies
  7 orc wizards
  An iguana (D:6)
  2 worker ants (D:5)
  A hound zombie (D:6)
  2 hound skeletons
  A worker ant zombie (D:3)
  4 gnolls (D:4)
  8 adders
  A shadow imp (D:8)
  An ooze (D:7)
  An adder zombie (D:5)
  2 adder skeletons
  2 worms
  2 dart slugs (D:4)
  7 leopard geckos
  27 orcs
  A ball python (D:3)
  7 giant cockroaches
  6 goblins
  7 hobgoblins
  4 jackals
  7 quokkas
  A ball python skeleton (D:4)
  10 bats
  6 frilled lizards
  A jackal skeleton (D:4)
  16 kobolds
  A quokka skeleton (D:4)
  11 rats
  A withered plant (D:6)
201 creatures vanquished.

Vanquished Creatures (collateral kills)
  A killer bee (D:8)
1 creature vanquished.

Vanquished Creatures (others)
  A killer bee (D:8)
  A bush (D:8)
  2 fungi (D:8)
  6 plants (D:8)
10 creatures vanquished.

Grand Total: 212 creatures vanquished

Notes
Turn   | Place    | Note
-------+----------+-------------------------------------------
     0 | D:1      | DildoBatman the Formicid Wizard began the quest for the
                  | Orb.
     0 | D:1      | Reached XP level 1. HP: 13/13 MP: 4/4
     9 | D:1      | Reached skill level 1 in Conjurations
   330 | D:1      | Reached XP level 2. HP: 19/19 MP: 3/6
  1206 | D:2      | Reached XP level 3. HP: 24/24 MP: 2/7
  1211 | D:2      | Learned a level 3 spell: Conjure Flame
  1215 | D:2      | Learned a level 3 spell: Mephitic Cloud
  1266 | D:2      | Found a sacrificial altar of Ru.
  1312 | D:2      | Found a basalt altar of Yredelemnul.
  1650 | D:2      | Reached skill level 1 in Shields
  1659 | D:2      | Reached XP level 4. HP: 24/30 MP: 1/8
  1954 | D:3      | Reached XP level 5. HP: 35/35 MP: 0/9
  2760 | D:3      | Reached skill level 1 in Polearms
  2760 | D:3      | Reached XP level 6. HP: 32/41 MP: 6/10
  2992 | D:4      | Found Ruloi's Retail Resort.
  3005 | D:4      | Bought a scroll of random uselessness for 14 gold pieces
  3104 | D:4      | Reached XP level 7. HP: 45/46 MP: 3/11
  3268 | D:4      | Found a snail-covered altar of Cheibriados.
  3545 | D:4      | Reached skill level 1 in Poison Magic
  3580 | D:4      | Reached skill level 1 in Fire Magic
  3771 | D:4      | Reached skill level 5 in Conjurations
  3914 | D:5      | Entered Level 5 of the Dungeon
  3956 | D:5      | Found a staircase to the Ecumenical Temple.
  3962 | Temple   | Entered the Ecumenical Temple
  4037 | D:5      | Reached skill level 1 in Air Magic
  4138 | D:5      | Found a radiant altar of Vehumet.
  4150 | D:5      | Reached skill level 2 in Poison Magic
  4178 | D:5      | Found a sparkling altar of Nemelex Xobeh.
  4388 | D:5      | Reached XP level 8. HP: 42/52 MP: 7/12
  4470 | D:5      | Reached skill level 3 in Poison Magic
  4665 | D:5      | Found a hazy altar of Hepliaklqana.
  4890 | D:6      | Found Gozag's Platinum Reserve.
  4890 | D:6      | Found an opulent altar of Gozag.
  5059 | D:6      | Found an ornate altar of the Wu Jian Council.
  5084 | D:6      | Found Weennof's General Store.
  5095 | D:6      | Bought a potion of heal wounds for 50 gold pieces
  5121 | D:6      | Found an ancient bone altar of Kikubaaqudgha.
  5151 | D:6      | Became a worshipper of Kikubaaqudgha
  5204 | D:6      | Reached skill level 4 in Poison Magic
  5244 | D:6      | Found Kaiceit's Assorted Antiques.
  5320 | D:6      | Bought a purple potion for 24 gold pieces
  5347 | D:6      | Found Coonis's Assorted Antiques.
  5355 | D:6      | Reached skill level 5 in Poison Magic
  5366 | D:6      | Bought a purple potion for 28 gold pieces
  5366 | D:6      | Bought an amethyst potion for 28 gold pieces
  5593 | D:6      | Reached XP level 9. HP: 57/57 MP: 11/15
  5818 | D:6      | Found a runed translucent door.
  5824 | D:6      | Noticed Crazy Yiuf
  5867 | D:6      | Killed Crazy Yiuf
  6046 | D:6      | Noticed Pikel
  6063 | D:6      | Killed Pikel
  6063 | D:6      | Reached skill level 6 in Poison Magic
  6261 | D:6      | Found a white marble altar of Elyvilon.
  6542 | D:7      | Found a shattered altar of Ashenzari.
  6600 | D:7      | Noticed Prince Ribbit
  6626 | D:7      | Killed Prince Ribbit
  6626 | D:7      | Reached skill level 1 in Fighting
  6626 | D:7      | Reached skill level 7 in Poison Magic
  6684 | D:7      | Reached * piety under Kikubaaqudgha
  6684 | D:7      | Identified Kikubaaqudgha's Incunabulum of Darkness
                  | (Kikubaaqudgha gifted it to you on level 7 of the Dungeon)
  6684 | D:7      | Received a gift from Kikubaaqudgha
  6726 | D:7      | Reached skill level 1 in Armour
  6860 | D:7      | Noticed a hippogriff
  6877 | D:7      | Killed a hippogriff
  6877 | D:7      | Reached XP level 10. HP: 54/67 MP: 8/16
  7004 | D:7      | Found a glowing silver altar of Zin.
  7118 | D:8      | Reached skill level 5 in Stealth
  7127 | D:8      | Found Pohostax's Book Shoppe.
  7146 | D:8      | Found a deep blue altar of Sif Muna.
  7279 | D:8      | Reached ** piety under Kikubaaqudgha
  7304 | D:8      | Reached skill level 5 in Spellcasting
  7310 | D:8      | Reached skill level 8 in Poison Magic
  7443 | D:8      | HP: 3/70 [killer bee (1)]
  7458 | D:8      | Learned a level 3 spell: Regeneration
  7469 | D:8      | Slain by a killer bee

Skill      XL: |  1  2  3  4  5  6  7  8  9 10 |
---------------+-------------------------------+-----
Conjurations   | 1 2 3 4 5 6 |  6.0
Shields        | 1 2 3 4 |  4.9
Stealth        | 3 4 5 |  5.9
Polearms       | 1 |  1.3
Poison Magic   | 2 5 7 8 |  8.0
Fire Magic     | 2 3 4 |  4.8
Air Magic      | 1 3 4 |  4.0
Spellcasting   | 4 5 |  5.2
Fighting       | 1 3 |  3.4
Dodging        | 2 3 |  3.0
Armour         | 1 3 |  3.2
Summonings     | |  1.0
Translocations | |  0.8

Action                   |  1- 3 |  4- 6 |  7- 9 | 10-12 || total
-------------------------+-------+-------+-------+-------++-------
Melee: Club              |    39 |       |       |       ||    39
       Rapier            |    19 |    96 |    21 |       ||   136
       Trident           |       |    32 |    46 |       ||    78
       Halberd           |       |       |   274 |    77 ||   351
       Dagger            |       |       |       |    11 ||    11
 Cast: Magic Dart        |    66 |    73 |    92 |    17 ||   248
       Conjure Flame     |       |     2 |     6 |     6 ||    14
       Mephitic Cloud    |       |     6 |    33 |    17 ||    56
 Abil: Dig               |     1 |     5 |    11 |     5 ||    22
  Use: Scroll            |       |     3 |     1 |     4 ||     8
       Potion            |       |     2 |       |     1 ||     3
 Stab: Sleeping          |     3 |       |     2 |       ||     5
       Confused          |       |     2 |    21 |     6 ||    29
  Eat: Chunk             |     2 |     7 |    16 |     5 ||    30
Armor: Leather armour    |    23 |    57 |   102 |    26 ||   208
Dodge: Dodged            |    45 |    98 |   151 |    51 ||   345
Block: Buckler           |     2 |    29 |    59 |    17 ||   107
